 Dungeon Crawl Stone Soup version 0.28-a0-1159-g27aa881441 (webtiles) character file.

Game seed: 14764452032098911540

145 mainiacjoe the Sneak (level 5, 0/31 HPs)
             Began as an Octopode Earth Elementalist on Dec 16, 2021.
             Slain by a quokka (4 damage)
             ... on level 3 of the Dungeon.
             The game lasted 00:08:56 (3432 turns).

mainiacjoe the Sneak (Octopode Earth Elementalist)  Turns: 3432, Time: 00:08:57

Health: 0/31       AC:  1    Str:  7    XL:     5   Next: 27%
Magic:  8/8        EV: 13    Int: 18    God:
Gold:   122        SH:  0    Dex: 14    Spells: 2/8 levels left

rFire   . . .      SeeInvis +   a - +0 dagger (drain)
rCold   . . .      Faith    .   (no shield)
rNeg    . . .      Spirit   .   (helmet restricted)
rPois   +          Reflect  .   (no amulet)
rElec   .          Harm     .   e - ring of poison resistance
rCorr   .          Rampage  .   h - ring of see invisible
Will    .....                   (no ring)
Stlth   ++++......              (no ring)
HPRegen 0.10/turn               (no ring)
MPRegen 0.11/turn               (no ring)
                                (no ring)
                                (no ring)

@: no status effects
A: almost no armour, amphibious, 8 rings, camouflage 1, gelatinous body 1,
(nimble swimmer 1), tentacles
a: no special abilities


You were on level 3 of the Dungeon.
You visited 1 branch of the dungeon, and saw 3 of its levels.

You collected 122 gold pieces.

Inventory:

Hand Weapons
 a - a +0 dagger of draining (weapon)
 b - a +0 shortbow
 k - a +2 dagger
 n - a +0 falchion
Missiles
 d - 11 poisoned darts (quivered)
 f - 37 arrows
 g - 59 stones
Jewellery
 e - a ring of poison resistance (left tentacle)
 h - a ring of see invisible (right tentacle)
Scrolls
 i - a scroll of noise {unknown}
 m - a scroll of identify {unknown}
Potions
 c - a potion of heal wounds {unknown}
 j - a potion of haste {unknown}
 l - a potion of resistance {unknown}
 o - 2 potions of brilliance {unknown}


   Skills:
 - Level 2.0 Dodging
 + Level 5.8 Stealth
 - Level 2.0 Spellcasting
 - Level 2.0 Transmutations
 + Level 4.1 Earth Magic


You had 2 spell levels left.
You knew the following spells:

 Your Spells              Type           Power      Damage    Failure   Level
a - Sandblast             Erth           32%        2d9       3%          1
b - Passwall              Tmut/Erth      10%        N/A       8%          2
c - Stone Arrow           Conj/Erth      18%        3d8       24%         3

Your spell library contained the following spells:

 Spells                   Type           Power      Damage    Failure   Level
 Petrify                  Tmut/Erth      12%        N/A       45%         4


Dungeon Overview and Level Annotations

Branches:
Dungeon (3/15)

Altars:


Innate Abilities, Weirdness & Mutations

You cannot wear most types of armour.
You are amphibious.
You can wear up to eight rings at the same time.
Your skin changes colour to match your surroundings (Stealth+).
Your rubbery body absorbs attacks. (AC +1, EV +1)
((You are camouflaged near water. (Stealth+)))
You have tentacles for arms and can constrict up to eight enemies at once.


Message History

A jackal comes into view.
The jackal bites you.
A jackal comes into view.
The jackal moves out of view.
The jackal barks!
You hit the jackal.
The jackal is almost dead.
You constrict the jackal.
You kill the jackal!
The quokka completely misses you.
You closely miss the quokka. Your grab misses the quokka.
The quokka bites you. x2
You closely miss the quokka. Your grab misses the quokka.
Your squeeze misses the quokka. The quokka barely misses you.
You hit the quokka. You drain the quokka. Your grab misses the quokka.
Your squeeze misses the quokka.
The quokka is heavily wounded.
The quokka bites you but does no damage.
You closely miss the jackal. Your grab misses the jackal.
The jackal bites you but does no damage.
The jackal misses you. The quokka barely misses you. The jackal bites you. x2
You barely miss the jackal. Your grab misses the jackal. The quokka misses you.
The jackal misses you.
The jackal bites you but does no damage.
You hit the jackal. You grab the jackal.
The jackal is heavily wounded.
You constrict the jackal. The quokka bites you. The jackal barely misses you.
The jackal bites you. The quokka bites you.
You completely miss the jackal.
The jackal is heavily wounded.
You constrict the jackal. The jackal barely misses you.
The jackal bites you. x2
* * * LOW HITPOINT WARNING * * *
The jackal bites you.
* * * LOW HITPOINT WARNING * * *
The quokka barely misses you.
You hit the jackal. You drain the jackal.
You kill the jackal!
You constrict the jackal. The jackal bites you.
* * * LOW HITPOINT WARNING * * *
The quokka bites you.
You die...

....... ..
.......### ..#
.......#.. ..#
.?.....#.# # #.#
.......#.##.# #.#
.....(.+....# #.#
......r#h#######.###
#.@...........#
#.............#
######.............#
.................###
.........†########
..........#
..........#
..........#########
..................#


You could see a quokka (drained) and a jackal.

Vanquished Creatures
  Jessica (D:2)
  4 adders (D:2)
  4 worms
  6 dart slugs
  4 endoplasms
  3 giant cockroaches
  3 goblins
  6 hobgoblins
  7 jackals (D:3)
  A quokka (D:1)
  8 ball pythons
  3 bats
  4 frilled lizards (D:1)
  6 kobolds
  5 rats
65 creatures vanquished.

Vanquished Creatures (others)
  2 fungi (D:2)
2 creatures vanquished.

Grand Total: 67 creatures vanquished

Notes
Turn   | Place    | Note
-------+----------+-------------------------------------------
     0 | D:1      | mainiacjoe the Octopode Earth Elementalist began the quest
                  | for the Orb.
     0 | D:1      | Reached XP level 1. HP: 11/11 MP: 3/3
    65 | D:1      | Reached skill level 3 in Stealth
   341 | D:1      | Reached XP level 2. HP: 11/17 MP: 3/5
   459 | D:1      | Learned a level 2 spell: Passwall
  1386 | D:1      | Reached XP level 3. HP: 21/21 MP: 6/6
  1388 | D:1      | Reached skill level 4 in Stealth
  1800 | D:2      | Noticed Jessica
  1804 | D:2      | Killed Jessica
  1805 | D:2      | Reached XP level 4. HP: 22/27 MP: 5/7
  2147 | D:2      | Reached skill level 5 in Stealth
  2528 | D:2      | Reached XP level 5. HP: 31/31 MP: 4/8
  2532 | D:2      | Learned a level 3 spell: Stone Arrow
  2725 | D:2      | Found a faded altar of an unknown god.
  3432 | D:3      | Slain by a quokka

Illustrated notes

Levels and vault maps discovered:
D:1:      giann_horns, layout_rooms, corner_web_ring
D:2:      layout_basic, basic_ecumenical_altar, minmay_shallow_snake_nest,
          uniq_jessica
D:3:      layout_basic, serial_shops, nicolae_shop_behind_doors,
          gammafunk_ghost_necromancy, uniq_grinder

Skill      XL: |  1  2  3  4 |
---------------+-------------+-----
Stealth        | 3 4 5 |  5.8
Earth Magic    | 4 |  4.1
Transmutations | 2 |  2.0
Dodging        | |  2.0
Spellcasting   | |  2.0

Action                   |  1- 3 |  4- 6 || total
-------------------------+-------+-------++-------
Melee: Falchion          |    34 |       ||    34
       Constrict         |    11 |    14 ||    25
       Tentacles         |     5 |     9 ||    14
       Dagger            |     3 |    49 ||    52
 Fire: Shortbow          |       |    27 ||    27
Throw: Dart              |    26 |    23 ||    49
 Cast: Sandblast         |     7 |    11 ||    18
  Use: Scroll            |       |     2 ||     2
 Stab: Sleeping          |     4 |     3 ||     7
Armor: Skin              |       |     7 ||     7
Dodge: Dodged            |    23 |    30 ||    53

Table legend: (Time is in decaauts)
 A = Elapsed time spent in this place.
 B = Non-inter-level travel time spent in this place.
 C = Inter-level travel time spent in this place.
 D = Time resting spent in this place.
 E = Time spent auto-exploring this place.
 F = Levels seen in this place.
 G = Mean time per level.
                   A        B        C        D        E       F      G
               +--------+--------+--------+--------+--------+-----+--------+
         Total |   3443 |   3334 |    109 |   1217 |   1553 |   3 | 1147.7 |
       Dungeon |   3443 |   3334 |    109 |   1217 |   1553 |   3 | 1147.7 |
               +--------+--------+--------+--------+--------+-----+--------+

Top non-repeatable levels by time:
     D:1: 1798 daAuts
     D:2: 1397 daAuts
     D:3: 248 daAuts
